2692 views
Uploaded 2020-02-12 15:58:07
Game version 1.32 / 1.32.1
16:27 long 1on1 ladder game on (2)NorthernIsles
Saved by Valhalla
2692 views
Uploaded 2020-02-12 15:58:07
Game version 1.32 / 1.32.1
16:27 long 1on1 ladder game on (2)NorthernIsles

29 units @ 3.4k
/ 0.4k
14 buildings @ 2.4k
/ 0.6k


| Healing Salve | 2 | 200 |
| Orb of Lightning | 1 | 375 |
| Potion of Mana | 2 | 400 |
| Lesser Clarity Potion | 1 | 70 |
| Potion of Healing | 1 | 150 |
| Boots of Speed | 1 | 250 |
| Claws of Attack +6 | 2 | 250 |
| total: | 10 | 1695g |
| Peon | 9 | 675 | / | 0 |
| Troll Headhunter | 10 | 1400 | / | 200 |
| Shaman | 6 | 780 | / | 120 |
| Troll Berserker | 4 | 560 | / | 80 |
| total: | 29 | 3415g | / | 400w |
| Altar of Storms | 1 | 180 | / | 50 |
| Orc Burrow | 6 | 960 | / | 240 |
| War Mill | 2 | 410 | / | 0 |
| Barracks | 3 | 540 | / | 150 |
| Voodoo Lounge | 1 | 130 | / | 30 |
| Spirit Lodge | 1 | 150 | / | 150 |
| Stronghold | 1 | 315 | / | 190 |
| Fortress | 1 | 325 | / | 190 |
| total: | 14 | 2370g | / | 620w |
| 0:02 | Peon |
| 0:02 | Peon |
| 0:13 | Altar of Storms |
| 0:16 | Orc Burrow |
| 0:43 | Peon |
| 0:44 | Peon |
| 0:44 | Peon |
| 1:24 | War Mill |
| 1:25 | Peon |
| 1:25 | Peon |
| 1:30 | War Mill |
| 1:33 | Barracks |
| 1:43 | Barracks |
| 1:58 | Barracks |
| 2:08 | Orc Burrow |
| 2:19 | Feral Spirit |
| 2:27 | Voodoo Lounge |
| 2:49 | Troll Headhunter |
| 3:01 | Orc Burrow |
| 3:03 | Troll Headhunter |
| 3:42 | Healing Salve |
| 3:46 | Troll Headhunter |
| 3:46 | Troll Headhunter |
| 4:34 | Stronghold |
| 4:35 | Troll Headhunter |
| 4:49 | Troll Headhunter |
| 4:57 | Chain Lighting |
| 5:09 | Troll Headhunter |
| 5:11 | Steel Ranged Weapons |
| 6:10 | Troll Headhunter |
| 6:16 | Steel Armor |
| 6:18 | Orc Burrow |
| 6:22 | Orc Burrow |
| 6:24 | Orc Burrow |
| 6:57 | Feral Spirit |
| 7:01 | Boots of Speed |
| 7:32 | Thorium Ranged Weapons |
| 7:45 | Claws of Attack +6 |
| 8:06 | Chain Lighting |
| 8:11 | Fortress |
| 8:36 | Healing Wave |
| 9:04 | Troll Headhunter |
| 9:06 | Spirit Lodge |
| 9:43 | Thorium Armor |
| 9:53 | Troll Headhunter |
| 9:54 | Reinforced Defenses |
| 10:01 | Hex |
| 10:46 | Berserker Upgrade |
| 10:48 | Shaman Adept Training |
| 10:54 | Peon |
| 10:54 | Peon |
| 11:25 | Orb of Lightning |
| 11:26 | Potion of Mana |
| 11:30 | Lesser Clarity Potion |
| 11:32 | Potion of Mana |
| 11:51 | Shaman Master Training |
| 11:52 | Shaman |
| 12:02 | Feral Spirit |
| 12:14 | Healing Wave |
| 13:09 | Shaman |
| 13:09 | Shaman |
| 13:10 | Troll Berserker |
| 13:19 | Healing Salve |
| 13:30 | Troll Berserker |
| 13:32 | Shaman |
| 14:32 | Troll Berserker |
| 14:33 | Shaman |
| 15:00 | Claws of Attack +6 |
| 15:10 | Potion of Healing |
| 15:42 | Shaman |
| 15:42 | Troll Berserker |
| Chat | 712 |
| Right click | 646 |
| Select | 313 |
| Misc. action | 160 |
| Build/train/purchase | 100 |
| Select group | 70 |
| Assign group | 68 |
| Use ability | 32 |
| Item give/drop | 5 |
| Remove unit | 2 |
26 units @ 4.7k
/ 0.8k
9 buildings @ 1.5k
/ 0.5k



| Rod of Necromancy | 3 | 450 |
| Orb of Corruption | 1 | 375 |
| Scroll of Healing | 1 | 250 |
| Scroll of Town Portal | 1 | 350 |
| Potion of Lesser Invulnerability | 1 | 150 |
| total: | 7 | 1575g |
| Acolyte | 3 | 225 | / | 0 |
| Ghoul | 5 | 600 | / | 0 |
| Crypt Fiend | 11 | 2365 | / | 440 |
| Obsidian Statue | 4 | 800 | / | 140 |
| Abomination | 3 | 720 | / | 210 |
| total: | 26 | 4710g | / | 790w |
| Nerubian Tower | 1 | 100 | / | 20 |
| Altar of Darkness | 1 | 180 | / | 50 |
| Ziggurat | 4 | 600 | / | 200 |
| Crypt | 1 | 200 | / | 50 |
| Tomb of Relics | 1 | 130 | / | 30 |
| Graveyard | 1 | 215 | / | 0 |
| Slaughterhouse | 1 | 140 | / | 135 |
| Halls of the Dead | 1 | 320 | / | 210 |
| Black Citadel | 1 | 325 | / | 230 |
| total: | 9 | 1465g | / | 465w |
| 0:01 | Acolyte |
| 0:03 | Altar of Darkness |
| 0:05 | Ziggurat |
| 0:15 | Acolyte |
| 0:34 | Crypt |
| 0:40 | Acolyte |
| 0:57 | Tomb of Relics |
| 1:18 | Graveyard |
| 1:34 | Ghoul |
| 1:42 | Ghoul |
| 2:04 | Rod of Necromancy |
| 2:05 | Death Coil |
| 2:37 | Halls of the Dead |
| 2:52 | Nerubian Tower |
| 2:56 | Ziggurat |
| 3:34 | Crypt Fiend |
| 3:50 | Crypt Fiend |
| 4:29 | Unholy Aura |
| 4:33 | Crypt Fiend |
| 5:07 | Slaughterhouse |
| 6:11 | Frost Nova |
| 6:13 | Crypt Fiend |
| 6:14 | Obsidian Statue |
| 6:15 | Black Citadel |
| 6:26 | Rod of Necromancy |
| 6:26 | Rod of Necromancy |
| 6:37 | Ghoul |
| 6:55 | Ziggurat |
| 6:56 | Ziggurat |
| 7:59 | Crypt Fiend |
| 8:01 | Obsidian Statue |
| 8:05 | Dark Ritual |
| 8:13 | Death Coil |
| 8:36 | Disease Cloud |
| 8:59 | Ghoul Frenzy |
| 9:18 | Abomination |
| 9:41 | Impale |
| 9:48 | Orb of Corruption |
| 9:49 | Scroll of Healing |
| 10:12 | Abomination |
| 10:37 | Scroll of Town Portal |
| 10:50 | Frost Nova |
| 11:00 | Destroyer Form |
| 11:03 | Crypt Fiend |
| 11:09 | Creature Attack |
| 11:33 | Burrow |
| 12:31 | Spiked Carapace |
| 12:43 | Crypt Fiend |
| 12:43 | Obsidian Statue |
| 13:08 | Obsidian Statue |
| 13:15 | Crypt Fiend |
| 13:41 | Crypt Fiend |
| 13:45 | Abomination |
| 14:10 | Ghoul |
| 14:11 | Ghoul |
| 14:18 | Potion of Lesser Invulnerability |
| 15:32 | Unholy Aura |
| 15:40 | Dark Ritual |
| 15:48 | Crypt Fiend |
| 16:04 | Crypt Fiend |
| 16:22 | Impale |
| Right click | 1262 |
| Select group | 1226 |
| Select | 598 |
| Misc. action | 227 |
| Build/train/purchase | 152 |
| Chat | 109 |
| Use ability | 74 |
| Assign group | 40 |
| Item give/drop | 5 |
| Remove unit | 1 |